 Dungeon Crawl Stone Soup version 0.21.1-1-g345015fe64 (webtiles) character file.

4477 Peloso the Carver (level 10, -1/75 (77) HPs)
             Began as a Demonspawn Fighter on May 12, 2018.
             Was a Priest of Okawaru.
             Slain by a two-headed ogre
             ... wielding a cursed +0 giant spiked club
              (15 damage)
             ... on level 8 of the Dungeon.
             The game lasted 00:23:31 (8598 turns).

Peloso the Carver (Demonspawn Fighter)              Turns: 8598, Time: 00:23:32

HP:   -1/75 (77)    AC: 18    Str: 23    XL:     10   Next: 15%
MP:   10/10         EV:  6    Int:  7    God:    Okawaru [***...]
Gold: 378           SH: 12    Dex: 12    Spells: 9/9 levels left

rFire    x . .     SeeInvis .   a - +1 long sword
rCold    + . .     Gourm    .   c - +1 shield
rNeg     . . .     Faith    .   y - +0 plate armour
rPois    .         Spirit   .   (no helmet)
rElec    .         Reflect  .   v - +0 cloak
rCorr    +         Harm     .   (no gloves)
MR       .....                  (no boots)
Stlth    ..........             (no amulet)
HPRegen  0.22/turn              r - ring of resist corrosion
MPRegen  0.12/turn              d - ring of ice

@: no status effects
A: talons 1, iridescent scales 2, demonic guardian 1, dopey 1, powered by death
2, strong 1
a: Heroism, Renounce Religion


You were on level 8 of the Dungeon.
You worshipped Okawaru.
Okawaru was most pleased with you.
You were hungry.

You visited 1 branch of the dungeon, and saw 8 of its levels.

You collected 378 gold pieces.

Inventory:

Hand Weapons
 a - a +1 long sword (weapon)
Missiles
 e - 43 bolts
Armour
 c - a +1 shield (worn)
 v - a +0 cloak (worn)
 y - a +0 plate armour (worn)
Jewellery
 d - a ring of ice (right hand)
 r - a ring of resist corrosion (left hand)
 t - an uncursed ring of wizardry
 z - an uncursed ring of ice
Wands
 n - a wand of enslavement (16)
 q - a wand of iceblast (1)
Scrolls
 b - a scroll of amnesia {unknown}
 h - 5 scrolls of teleportation
 j - 4 scrolls of identify
 l - a scroll of fear
 o - 3 scrolls of remove curse
 u - a scroll of enchant weapon
 A - a scroll of blinking {unknown}
Potions
 g - 2 potions of mutation
 i - a potion of brilliance
 k - 2 potions of invisibility
 p - a potion of degeneration
 s - 3 potions of might
 w - a potion of lignification {unknown}
 x - a potion of curing
Books
 m - a book of Minor Magic

   Spells                             Type                      Level
   a - Magic Dart                     Conjuration                  1
   b - Blink                          Translocation                2
   c - Call Imp                       Summoning                    2
   d - Slow                           Hexes                        2
   e - Conjure Flame                  Conjuration/Fire             3
   f - Mephitic Cloud                 Conjuration/Poison/Air       3
Comestibles
 f - 12 rations


   Skills:
 + Level 6.4 Fighting
 + Level 9.0 Long Blades
 + Level 6.1 Armour
 + Level 2.2 Dodging
 + Level 1.1 Stealth
 + Level 7.0 Shields
 + Level 0.4 Invocations
 + Level 0.2 Evocations


You had 9 spell levels left.
You didn't know any spells.

Dungeon Overview and Level Annotations

Branches:
Dungeon (8/15)             Temple (0/1) D:7            Lair (0/6) D:8

Altars:
Ashenzari
Cheibriados
Kikubaaqudgha
Makhleb
Nemelex Xobeh
Okawaru
Ru


Innate Abilities, Weirdness & Mutations

You have sharp toenails.
You are mostly covered in iridescent scales. (AC +4)
A weak demonic guardian rushes to your aid.
You regenerate health from kills.
You are dopey. (Int -2)
Your muscles are strong. (Str +2)


Message History

You block the shadow imp's attack.
Your shadow imp gestures at the two-headed ogre.
The two-headed ogre resists with significant effort.
The two-headed ogre hits your shadow imp with a giant spiked club!!
Your shadow imp dies!
The two-headed ogre shouts in stereo!
You hit the two-headed ogre. Your kick misses the two-headed ogre.
The two-headed ogre is almost dead.
The shadow imp hits you but does no damage.
You hit the two-headed ogre.
The two-headed ogre is almost dead.
The shadow imp hits you.
The two-headed ogre hits you with a giant spiked club!
The two-headed ogre hits you with a giant club!
* * * LOW HITPOINT WARNING * * *
Your shield and plate armour prevent you from hitting the two-headed ogre.
The two-headed ogre is almost dead.
The shadow imp hits you but does no damage.
The two-headed ogre hits you with a giant spiked club!
You die...

.........
.......
.##......
.........
......#
#....##
#..5Ol##
#.#.@..######
#...†........
#.....###...
#..#...≈...#.
#####..
###..#...#..#
.......
#.##PPP##.#
#.....
#...P.PP..#
##.....
#≈..P>...≈#
#......
#..P.PPP..#
#......


You could see a two-headed ogre, an iguana and a shadow imp.

Vanquished Creatures
  The ghost of Ryomija the Cleaver, a novice MiBe of Trog (D:6)
  Pikel (D:7)
  Sigmund (D:5)
  Eustachio (D:6)
  3 orc warriors
  A sky beast (D:6)
  2 ice beasts
  A black bear (D:7)
  2 ogres
  A phantom (D:8)
  4 centaurs
  A necrophage (D:6)
  3 bullfrogs
  2 scorpions
  2 howler monkeys
  A bullfrog zombie (D:8)
  A centaur skeleton (D:6)
  4 hounds
  A jelly (D:7)
  9 orc priests
  An iguana (D:8)
  Natasha (twice) (D:2)
  9 orc wizards
  3 worker ants
  A killer bee zombie (D:6)
  A hound zombie (D:7)
  A hound skeleton (D:6)
  A howler monkey zombie (D:6)
  5 gnolls (D:2)
  6 adders
  A shadow imp (D:6)
  3 adder zombies
  An adder skeleton (D:7)
  2 worms
  6 leopard geckos
  14 orcs
  3 giant cockroaches (D:1)
  6 goblins
  8 hobgoblins
  21 jackals
  7 kobolds
  4 quokkas
  A ball python (D:4)
  4 bats
  5 frilled lizards
  9 rats
167 creatures vanquished.

Vanquished Creatures (collateral kills)
  The ghost of Viceroy the Fighter, a novice OgHu (D:4)
  Prince Ribbit (D:6)
  A hippogriff (D:7)
  An ice beast (D:7)
  An ogre (D:5)
  A bullfrog (D:8)
  Natasha (D:2)
  A worker ant zombie (D:6)
  A gnoll (D:2)
  An adder (D:2)
  3 orcs
  A giant cockroach (D:6)
14 creatures vanquished.

Vanquished Creatures (others)
  4 slaves (D:7)
  A hound (D:7)
  An orc (D:7)
  A quokka (D:7)
  A bush (D:5)
8 creatures vanquished.

Grand Total: 189 creatures vanquished

Notes
Turn   | Place    | Note
-------+----------+-------------------------------------------
     0 | D:1      | Peloso the Demonspawn Fighter began the quest for the Orb.
     0 | D:1      | Reached XP level 1. HP: 18/18 MP: 1/1
   174 | D:1      | Gained mutation: A weak demonic guardian rushes to your aid. [demonic ancestry]
   174 | D:1      | Reached XP level 2. HP: 24/24 MP: 2/2
   330 | D:1      | Reached skill level 2 in Long Blades
   638 | D:2      | Gained mutation: You are partially covered in iridescent scales. (AC +2) [demonic ancestry]
   638 | D:2      | Reached XP level 3. HP: 27/29 MP: 3/3
  1021 | D:2      | Reached XP level 4. HP: 28/35 MP: 4/4
  1165 | D:2      | Reached skill level 3 in Long Blades
  1219 | D:2      | Noticed Natasha
  1236 | D:2      | Killed Natasha
  1236 | D:2      | Gained mutation: You regenerate a little health from kills. [demonic ancestry]
  1236 | D:2      | Reached XP level 5. HP: 27/41 MP: 5/5
  1477 | D:2      | Noticed Natasha
  1504 | D:2      | Killed Natasha
  1860 | D:2      | Found a faded altar of an unknown god.
  1932 | D:2      | Noticed Natasha
  1942 | D:2      | Killed Natasha
  2861 | D:4      | Gained mutation: You are mostly covered in iridescent scales. (AC +4) [demonic ancestry]
  2861 | D:4      | Reached XP level 6. HP: 18/48 MP: 6/6
  2867 | D:4      | Reached skill level 4 in Long Blades
  3651 | D:4      | Noticed Viceroy's ghost (novice OgHu)
  3669 | D:4      | Killed Viceroy's ghost
  3669 | D:4      | Reached skill level 5 in Long Blades
  3669 | D:4      | Reached skill level 1 in Dodging
  3669 | D:4      | Reached XP level 7. HP: 33/54 MP: 7/7
  4123 | D:4      | Found a burning altar of Makhleb.
  4238 | D:5      | Entered Level 5 of the Dungeon
  4293 | D:5      | Noticed Sigmund
  4621 | D:5      | Killed Sigmund
  4686 | D:5      | Found a snail-covered altar of Cheibriados.
  4689 | D:5      | Found a sacrificial altar of Ru.
  4692 | D:5      | Found a sparkling altar of Nemelex Xobeh.
  4700 | D:5      | Found an ancient bone altar of Kikubaaqudgha.
  4791 | D:5      | Reached skill level 6 in Long Blades
  4791 | D:5      | Reached XP level 8. HP: 61/61 MP: 8/8
  5235 | D:6      | Noticed Ryomija's ghost (novice MiBe)
  5486 | D:6      | Found an iron altar of Okawaru.
  5499 | D:6      | Became a worshipper of Warmaster Okawaru
  5526 | D:6      | Found a shattered altar of Ashenzari.
  5551 | D:6      | HP: 3/61 [orc warrior/dire flail (14)]
  5958 | D:6      | Killed Ryomija's ghost
  5958 | D:6      | Reached * piety under Okawaru
  5958 | D:6      | Reached skill level 5 in Fighting
  5958 | D:6      | Reached skill level 7 in Long Blades
  5958 | D:6      | Reached skill level 5 in Armour
  5958 | D:6      | Reached skill level 1 in Stealth
  5958 | D:6      | Reached skill level 5 in Shields
  6014 | D:6      | HP: 3/62 [centaur/arrow (5)]
  6016 | D:6      | Gained mutation: You are dopey. (Int -2) [potion of mutation]
  6016 | D:6      | Gained mutation: Your muscles are strong. (Str +2) [potion of mutation]
  6026 | D:6      | Gained mutation: You regenerate health from kills. [demonic ancestry]
  6026 | D:6      | Reached XP level 9. HP: 6/68 MP: 9/9
  6388 | D:6      | Noticed Eustachio
  6539 | D:6      | Killed Eustachio
  6550 | D:6      | Reached ** piety under Okawaru
  6826 | D:6      | Noticed Prince Ribbit
  6963 | D:6      | Killed Prince Ribbit
  7228 | D:7      | Reached skill level 8 in Long Blades
  7402 | D:7      | Noticed Pikel
  7438 | D:7      | Killed Pikel
  7697 | D:7      | Reached *** piety under Okawaru
  7722 | D:7      | Found a staircase to the Ecumenical Temple.
  7876 | D:7      | Gained mutation: You have sharp toenails. [demonic ancestry]
  7876 | D:7      | Reached XP level 10. HP: 70/74 MP: 10/10
  8375 | D:8      | Reached skill level 9 in Long Blades
  8570 | D:8      | Found a staircase to the Lair.
  8586 | D:8      | Noticed a two-headed ogre
  8598 | D:8      | Slain by a two-headed ogre

Skill      XL: |  1  2  3  4  5  6  7  8  9 10 |
---------------+-------------------------------+-----
Long Blades    | 2 3 5 6 7 8 9 |  9.0
Shields        | 3 4 5 6 7 |  7.0
Armour         | 3 4 5 6 |  6.1
Fighting       | 4 5 6 |  6.4
Dodging        | 1 2 |  2.2
Stealth        | 1 |  1.1
Invocations    | |  0.4
Evocations     | |  0.2

Action                   |  1- 3 |  4- 6 |  7- 9 | 10-12 || total
-------------------------+-------+-------+-------+-------++-------
Melee: Long sword        |   147 |   164 |   405 |    97 ||   813
       Kick              |       |       |       |    36 ||    36
Invok: Heroism           |       |       |     3 |       ||     3
Evoke: Wand              |       |       |     3 |       ||     3
  Use: Scroll            |       |     8 |     5 |       ||    13
       Potion            |       |     1 |     4 |       ||     5
 Stab: Distracted        |       |       |     1 |       ||     1
  Eat: Chunk             |     1 |     8 |    11 |     2 ||    22
       Ration            |       |       |     1 |       ||     1
Armor: Scale mail        |    58 |    62 |       |       ||   120
       Chain mail        |       |     5 |   182 |       ||   187
       Plate armour      |       |       |    15 |    37 ||    52
Dodge: Dodged            |    49 |    40 |    99 |    10 ||   198
Block: Shield            |    90 |    98 |   242 |    60 ||   490
       Rpst.: Long sword |    14 |    16 |    32 |     2 ||    64
